Map: Neon Violet Square LE

Players

Namshar - Winner!

  • Race: Zerg Zerg
  • League: Grandmaster
  • Spawn Location: 11:00

NightEnD

  • Race: Protoss Protoss
  • League: Master
  • Spawn Location: 5:00

Event: HomeStory Cup XVI

VOD

Have the link to the VOD?

Description

Time

  • Played on: Nov. 10, 2017, 3:44 p.m.
  • Length: 14:32

All games in this series

Show
View Real Time Build Order
Export as new Build Order

Namshar Zerg - Winner!

Build Orders: Hatch First, Brood Lord Corruptor 

Get SALT Encoding   

  12  0:00  Drone  
  13  0:13  Overlord  
  13  0:17  Drone  
  14  0:32  Drone  
  14  0:33  Drone  
  16  0:36  Drone  
  17  0:52  Hatchery  
  17  0:56  Drone  
  17  0:59  Drone  
  18  1:10  Extractor  
  17  1:14  Spawning Pool  
  17  1:17  Drone  
  17  1:21  Drone  
  18  1:28  Drone  
  19  1:39  Overlord  
  19  1:50  Drone  
  20  2:00  Queen  
  20  2:01  Zergling x2  
  23  2:04  Queen, Zergling x2  
  26  2:10  Metabolic Boost  
  26  2:12  Drone  
  26  2:15  Drone  
  28  2:23  Drone  
  28  2:25  Drone  
  30  2:39  Hatchery  
  30  2:42  Drone  
  30  2:47  Pneumatized Carapace  
  30  2:50  Drone  
  31  2:52  Drone  
  31  2:56  Drone  
  31  2:58  Drone  
  34  3:01  Drone  
  35  3:11  Overlord  
  35  3:12  Overlord  
  35  3:14  Drone  
  36  3:29  Drone  
  36  3:30  Queen, Drone x2  
  36  3:31  Queen  
  36  3:34  Drone x2  
  45  3:45  Drone x5  
  45  3:46  Drone  
  51  3:48  Evolution Chamber  
  51  3:50  Overlord  
  51  3:52  Drone  
  51  3:59  Drone x2  
  53  4:03  Overlord  
  53  4:12  Drone x4  
  53  4:13  Queen  
  59  4:17  Overlord  
  59  4:18  Zerg Melee Weapons Level 1  
  59  4:20  Drone  
  59  4:21  Drone  
  59  4:23  Overlord  
  61  4:33  Drone  
  61  4:35  Overlord  
  62  4:38  Zergling x2  
  62  4:39  Zergling x10  
  67  4:47  Lair  
  67  4:50  Extractor x2, Drone x2  
  67  4:51  Drone  
  68  4:58  Drone x6  
  68  4:59  Drone, Hatchery  
  74  5:07  Drone x3  
  75  5:10  Baneling Nest  
  75  5:12  Overlord  
  75  5:13  Drone  
  75  5:32  Drone x2  
  75  5:33  Extractor, Drone x4  
  75  5:34  Overlord  
  75  5:35  Extractor, Drone  
  80  5:36  Extractor, Drone x3  
  80  5:38  Queen  
  84  5:43  Overlord  
  84  5:46  Hydralisk Den  
  84  5:48  Drone  
  83  5:54  Centrifical Hooks  
  83  5:57  Overlord x2  
  83  5:58  Drone  
  83  6:01  Hatchery  
  83  6:05  Zergling x2  
  83  6:06  Drone, Zergling x4  
  83  6:07  Drone x6  
  83  6:11  Overlord  
  93  6:15  Zerg Melee Weapons Level 2  
  93  6:19  Overlord  
  93  6:21  Muscular Augments, Zergling x2  
  93  6:22  Zergling x6  
  97  6:27  Zergling x2  
  98  6:33  Hydralisk  
  98  6:34  Hydralisk x5  
  98  6:36  Overseer  
  110  6:43  Drone x2  
  110  6:44  Extractor  
  110  6:46  Drone x2  
  110  6:47  Drone  
  114  6:53  Drone  
  114  6:54  Infestation Pit, Drone x2  
  117  6:59  Drone  
  117  7:01  Spire  
  116  7:11  Extractor, Drone x2  
  117  7:17  Drone  
  117  7:18  Drone x3  
  117  7:19  Evolution Chamber, Drone  
  117  7:20  Hydralisk x2  
  117  7:21  Hydralisk x4  
  117  7:22  Zergling x6  
  135  7:23  Hatchery  
  135  7:25  Hatchery  
  135  7:26  Baneling x7  
  133  7:30  Hydralisk x2  
  133  7:36  Overseer  
  137  7:37  Hydralisk x2  
  137  7:38  Zergling x6  
  137  7:43  Hydralisk x2, Zergling x2  
  137  7:44  Zergling x2  
  150  7:45  Baneling x4  
  150  7:46  Zergling x6  
  150  7:48  Hydralisk  
  150  7:49  Hydralisk  
  157  7:58  Hydralisk x4  
  147  8:04  Hydralisk  
  147  8:05  Hydralisk x2  
  144  8:08  Zergling x14  
  144  8:09  Zergling x2  
  144  8:11  Hydralisk  
  144  8:12  Zergling x4  
  148  8:15  Hydralisk  
  148  8:16  Zergling x6  
  149  8:20  Zergling x4  
  144  8:29  Queen x3  
  144  8:33  Zergling x10  
  142  8:46  Hive  
  142  8:47  Zerg Ground Armor Level 1  
  142  8:48  Zerg Missile Weapons Level 1  
  140  8:54  Baneling x7  
  140  8:55  Baneling x2  
  140  9:00  Corruptor x3, Baneling x5  
  146  9:02  Overlord  
  146  9:03  Overlord  
  146  9:14  Queen x2  
  150  9:18  Corruptor x2  
  150  9:21  Corruptor x3  
  160  9:24  Overseer  
  160  9:30  Corruptor  
  162  9:33  Corruptor  
  162  9:34  Overlord  
  162  9:35  Overlord x3  
  164  9:43  Overlord x3  
  164  9:44  Overlord x2  
  164  9:54  Corruptor  
  164  9:55  Corruptor  
  168  10:00  Greater Spire  
  168  10:02  Hatchery  
  167  10:18  Baneling x9, Hydralisk x6  
  167  10:19  Hydralisk x2, Zergling x2  
  167  10:20  Zergling x10  
  187  10:29  Corruptor  
  187  10:31  Hydralisk x2  
  187  10:32  Zergling x8  
  198  10:44  Zerg Melee Weapons Level 3  
  198  10:45  Hatchery  
  198  10:46  Zerg Ground Armor Level 2  
  198  10:48  Zergling x4  
  198  10:49  Zergling x2  
  195  11:12  Brood Lord x3  
  200  11:20  Overseer  
  200  11:21  Zerg Flyer Weapons Level 1  
  200  11:27  Extractor  
  200  11:28  Extractor, Brood Lord  
  200  11:32  Brood Lord  
  199  11:36  Spore Crawler  
  199  11:39  Brood Lord  
  194  11:41  Zergling x8  
  194  11:42  Zergling x4  
  200  11:53  Adrenal Glands, Overseer  
  200  12:04  Overseer  
  200  12:26  Brood Lord  
  196  12:43  Spine Crawler  
  192  12:44  Spine Crawler x2  
  192  12:45  Spine Crawler x3, Brood Lord x6  
  192  12:47  Spine Crawler  
  192  12:48  Drone  
  198  13:51  Zergling x2  
Show
View Real Time Build Order
Export as new Build Order

NightEnD Protoss 

Build Orders: 1 Gate Expand, Zealot Archon, Colossus Rush 

Get SALT Encoding   

  12  0:02  Probe (Chrono Boost)  
  14  0:14  Probe (Chrono Boost)  
  14  0:21  Pylon  
  14  0:26  Probe (Chrono Boost)  
  15  0:35  Probe (Chrono Boost)  
  16  0:42  Probe (Chrono Boost)  
  16  0:45  Gateway  
  16  0:49  Assimilator  
  17  0:54  Probe (Chrono Boost)  
  18  1:07  Probe (Chrono Boost)  
  20  1:19  Probe (Chrono Boost)  
  20  1:27  Nexus  
  20  1:31  Probe (Chrono Boost)  
  21  1:40  Cybernetics Core  
  21  1:46  Probe (Chrono Boost)  
  22  1:52  Pylon  
  22  1:56  Assimilator  
  22  1:59  Zealot  
  22  2:00  Probe (Chrono Boost)  
  23  2:08  Warp Gate  
  23  2:12  Probe (Chrono Boost)  
  26  2:17  Stalker  
  26  2:24  Probe (Chrono Boost)  
  29  2:35  Probe (Chrono Boost)  
  29  2:36  Probe (Chrono Boost)  
  30  2:43  Probe (Chrono Boost)  
  31  2:48  Probe (Chrono Boost), Sentry  
  35  2:55  Probe (Chrono Boost)  
  36  2:58  Gateway  
  36  3:00  Gateway  
  36  3:03  Probe (Chrono Boost)  
  37  3:07  Probe (Chrono Boost)  
  37  3:12  Shield Battery  
  38  3:15  Probe (Chrono Boost), Sentry  
  38  3:17  Probe (Chrono Boost)  
  38  3:19  Pylon  
  42  3:23  Probe (Chrono Boost)  
  43  3:28  Probe (Chrono Boost)  
  43  3:31  Pylon  
  43  3:34  Probe (Chrono Boost)  
  45  3:40  Probe (Chrono Boost)  
  46  3:41  Pylon  
  46  3:46  Probe (Chrono Boost)  
  47  3:52  Probe (Chrono Boost)  
  48  3:56  Assimilator  
  48  3:57  Assimilator  
  48  3:58  Probe (Chrono Boost)  
  50  4:04  Probe (Chrono Boost)  
  50  4:08  Twilight Council  
  51  4:10  Forge, Probe (Chrono Boost)  
  51  4:16  Probe (Chrono Boost), Robotics Facility  
  52  4:19  Sentry x2  
  52  4:22  Probe (Chrono Boost)  
  57  4:28  Probe (Chrono Boost)  
  58  4:34  Probe (Chrono Boost)  
  59  4:40  Probe (Chrono Boost)  
  59  4:45  Nexus  
  61  4:46  Probe (Chrono Boost)  
  61  4:47  Charge, Protoss Ground Weapons Level 1  
  61  4:49  Probe (Chrono Boost)  
  61  4:52  Probe (Chrono Boost)  
  62  4:55  Probe (Chrono Boost), Pylon  
  64  5:00  Probe (Chrono Boost)  
  64  5:03  Observer  
  64  5:06  Robotics Bay  
  66  5:09  Probe (Chrono Boost)  
  66  5:12  Probe (Chrono Boost)  
  68  5:18  Warp Prism  
  68  5:21  Probe (Chrono Boost)  
  69  5:25  Probe (Chrono Boost)  
  69  5:29  Pylon  
  69  5:32  Colossus  
  69  5:33  Probe (Chrono Boost)  
  73  5:37  Probe (Chrono Boost)  
  73  5:41  Gateway  
  73  5:43  Gateway  
  73  5:45  Probe (Chrono Boost)  
  73  5:49  Probe (Chrono Boost)  
  75  5:51  Gateway  
  83  5:59  Extended Thermal Lance  
  84  6:05  Gateway  
  84  6:10  Gateway  
  81  6:13  Colossus  
  81  6:14  Gateway  
  81  6:16  Templar Archives  
  81  6:19  Gateway x2  
  81  6:30  Zealot x3  
  93  6:41  Photon Cannon  
  93  6:43  Photon Cannon  
  93  6:45  Shield Battery  
  93  6:47  Assimilator  
  93  6:49  Pylon  
  93  6:50  Pylon  
  93  6:51  Assimilator  
  93  7:09  High Templar x4  
  93  7:10  Zealot x2  
  93  7:15  Observer, Pylon x3  
  105  7:16  Pylon  
  105  7:18  Archon x2  
  111  7:24  Pylon  
  111  7:25  Pylon  
  105  7:30  High Templar  
  105  7:31  High Templar, Zealot x3  
  115  7:37  Archon  
  115  7:41  Zealot  
  115  7:42  Zealot x3  
  123  7:44  Colossus  
  107  7:59  Zealot x5  
  107  8:00  Zealot x2  
  107  8:04  Zealot x3  
  105  8:13  Colossus  
  95  8:21  Zealot  
  95  8:22  Zealot x4  
  95  8:23  Zealot x2  
  101  8:29  High Templar x2  
  101  8:30  Zealot  
  93  8:38  High Templar x2  
  93  8:39  Zealot  
  89  8:47  Archon  
  89  8:49  High Templar x4, Zealot  
  89  8:50  Zealot x2  
  89  8:55  Archon x2  
  103  8:59  Observer  
  109  9:11  Colossus  
  109  9:13  Sentry x2  
  109  9:15  Sentry  
  115  9:23  Nexus  
  115  9:25  Assimilator  
  115  9:28  Assimilator  
  115  9:43  Stalker x5  
  115  9:44  Stalker x4  
  133  9:57  Observer, Probe x3 (Chrono Boost)  
  136  10:04  Warp Prism  
  136  10:09  Probe x3 (Chrono Boost)  
  129  10:16  Protoss Ground Weapons Level 2  
  129  10:21  Stalker x2  
  133  10:22  Stalker x6  
  133  10:27  Blink  
  147  10:35  Colossus  
  153  11:14  Stalker x4  
  153  11:15  Stalker x6, Colossus  
  153  11:18  Pylon  
  179  11:56  Nexus  
  179  11:58  Pylon x2  
  179  12:09  Observer  
  180  12:17  Stalker x8  
  180  12:22  Stalker  
  194  12:35  Zealot  
  195  12:44  Stalker  
  195  12:45  Stalker  
  195  12:47  Photon Cannon  
  195  12:48  Photon Cannon  
  195  12:50  Shield Battery  
  199  12:53  Shield Battery  
  197  13:02  Stalker  
  197  13:05  Robotics Facility  
  197  13:15  Stalker x2  
  198  13:25  Stalker  
  198  13:26  Stalker  
  191  13:28  Stalker x2  
  191  13:31  High Templar x2  
  191  13:32  High Templar x2  
  191  13:37  Archon x2  
  191  13:39  High Templar  
  191  13:40  High Templar x2  
  193  13:45  Archon  
  185  13:50  High Templar x2  
  185  13:51  High Templar x2  
  185  13:54  Archon  
  185  13:55  Archon  
  187  14:05  High Templar x4  
  187  14:08  Archon  
  187  14:09  Archon  
Tags
 
Add a new tag
Caveats
  • Supply blocks, unpowered buildings, or Contaminate may cause inaccurate times.
  • Supply counts are checked every 10 seconds.